Map: New Gettysburg LE

Players

Haak - Winner!

  • Race: Terran Terran
  • Spawn Location: 5:00

Fropez

  • Race: Protoss Protoss
  • League: Gold
  • Spawn Location: 7:00

VOD

Have the link to the VOD?

Description

Time

  • Played on: Oct. 29, 2016, 1:58 p.m.
  • Length: 19:25
Show
View Real Time Build Order
Export as new Build Order

Haak Terran - Winner!

Build Orders: Command Center First (CC) 

Get SALT Encoding   

  12  0:01  SCV  
  13  0:13  SCV  
  14  0:19  Supply Depot  
  14  0:25  SCV  
  15  0:40  SCV  
  16  0:52  SCV  
  17  1:01  Command Center  
  17  1:04  SCV  
  18  1:15  Barracks  
  18  1:18  SCV  
  19  1:39  SCV  
  20  1:42  Supply Depot  
  20  1:54  SCV, Refinery  
  20  1:59  Refinery  
  21  2:06  Marine  
  22  2:10  Orbital Command  
  22  2:27  Engineering Bay  
  22  2:29  Orbital Command  
  22  2:33  Barracks Reactor  
  22  2:37  SCV  
  23  2:51  Factory  
  23  2:53  SCV  
  24  3:00  Orbital Command  
  24  3:07  Missile Turret  
  24  3:09  Marine x2  
  24  3:12  SCV  
  27  3:24  SCV  
  28  3:27  Missile Turret  
  28  3:32  SCV  
  29  3:35  Missile Turret  
  29  3:41  Factory Tech Lab, Starport  
  29  3:42  Marine x2  
  29  3:45  SCV x2  
  33  3:57  Missile Turret  
  33  3:59  SCV  
  33  4:01  SCV  
  35  4:05  Marine x2  
  35  4:07  Siege Tank  
  40  4:14  Barracks  
  40  4:19  Barracks  
  40  4:20  Medivac  
  42  4:26  Marine, Starport  
  42  4:27  Marine  
  45  4:38  SCV x2  
  46  4:52  Siege Tank  
  46  4:55  Marine x2  
  46  4:59  Medivac  
  46  5:05  Starport Tech Lab  
  46  5:08  Barracks Tech Lab  
  46  5:09  Barracks Tech Lab  
  46  5:25  Supply Depot  
  46  5:26  Supply Depot  
  46  5:28  Supply Depot  
  46  5:30  Supply Depot  
  46  5:32  Starport Tech Lab  
  46  5:46  Marine x3, Banshee  
  46  5:47  Marauder  
  46  5:48  SCV x2, Hellion  
  58  5:53  Viking  
  60  6:00  SCV x2  
  62  6:17  Marine x2, Marauder x2  
  68  6:22  Siege Tank  
  71  6:33  Missile Turret  
  71  6:38  SCV  
  71  6:39  Missile Turret  
  72  6:42  Marauder  
  72  6:43  Marine x2, Marauder  
  78  7:30  Command Center  
  78  7:32  Refinery  
  78  7:34  Refinery  
  78  7:36  Supply Depot  
  78  7:44  Supply Depot  
  78  7:45  Supply Depot  
  78  7:47  Supply Depot  
  78  7:49  Supply Depot  
  78  7:57  SCV x2, Viking  
  78  7:58  Marauder x2  
  86  8:02  Supply Depot x2  
  86  8:03  Supply Depot  
  86  8:05  Supply Depot  
  86  8:06  Marine x2, Siege Tank, Raven  
  86  8:09  SCV x2  
  86  8:12  Supply Depot  
  97  8:20  Marauder x2  
  99  8:29  Barracks x2  
  99  8:36  Marine x2  
  99  8:41  Marine, Marauder  
  103  8:44  Orbital Command  
  104  8:54  Marine x2  
  106  8:56  Viking x2  
  110  9:04  Siege Tank  
  113  9:20  Marine  
  113  9:21  Marine, Marauder x2  
  119  9:24  Barracks Reactor x2  
  109  9:38  Marine  
  104  9:49  Terran Infantry Weapons Level 1  
  103  10:04  SCV  
  103  10:05  SCV x2  
  105  10:16  Raven  
  105  10:17  SCV  
  105  10:19  SCV  
  109  10:34  Refinery  
  109  10:35  Refinery  
  109  10:46  Marine x3, Marauder x2  
  109  10:47  Marine x3  
  119  10:54  Combat Shields  
  119  10:55  Stimpack  
  121  10:57  Hellion  
  121  11:00  Viking  
  121  11:03  SCV  
  124  11:04  Marine  
  124  11:10  SCV x2  
  124  11:11  Supply Depot  
  127  11:12  Supply Depot  
  127  11:15  SCV  
  128  11:22  SCV x2  
  130  11:27  Marine x2, SCV, Marauder  
  130  11:28  Marine x3, Marauder  
  130  11:29  Marine  
  141  11:34  SCV  
  142  11:49  SCV  
  142  11:50  SCV x2  
  142  11:54  Missile Turret  
  145  11:56  Missile Turret  
  145  12:02  SCV x3  
  148  12:13  Concussive Shells  
  148  12:14  SCV  
  143  12:23  Siege Tank  
  143  12:26  Marine, Marauder x2  
  143  12:27  Marine x5  
  143  12:29  Banshee x2  
  148  12:44  Marine x3  
  135  13:39  Supply Depot  
  135  13:40  Supply Depot  
  135  13:41  Supply Depot  
  135  13:47  Marine  
  134  13:54  Marine x3  
  134  13:59  Marine, Marauder  
  134  14:01  Marine, Marauder, Medivac x2  
  137  14:05  Marine  
  137  14:06  Supply Depot  
  137  14:09  Supply Depot  
  118  14:12  Marine x2  
  118  14:17  Marine  
  118  14:18  Marine  
  120  14:27  SCV  
  120  14:28  SCV  
  120  14:30  Supply Depot  
  120  14:31  Supply Depot, Medivac x2  
  126  15:06  Cloaking Field  
  121  15:58  Command Center  
  121  16:18  Banshee x2  
  127  16:20  Siege Tank  
  130  16:31  SCV x2  
  131  16:39  Command Center  
  130  16:43  SCV x2  
  117  17:02  Marine x3, Marauder x2  
  124  17:25  Command Center  
  104  18:34  Orbital Command  
  102  19:15  Missile Turret  
  108  19:18  Missile Turret  
Show
View Real Time Build Order
Export as new Build Order

Fropez Protoss 

Build Orders:  

Get SALT Encoding   

  12  0:01  Probe (Chrono Boost)  
  13  0:12  Probe (Chrono Boost)  
  14  0:18  Pylon  
  14  0:22  Probe (Chrono Boost)  
  15  0:36  Probe (Chrono Boost)  
  15  0:38  Gateway  
  16  0:47  Probe (Chrono Boost)  
  17  0:56  Pylon  
  17  0:58  Probe (Chrono Boost)  
  17  1:01  Assimilator  
  18  1:10  Gateway  
  18  1:13  Probe (Chrono Boost)  
  19  1:23  Probe (Chrono Boost)  
  19  1:49  Nexus  
  19  2:00  Probe (Chrono Boost)  
  20  2:01  Cybernetics Core  
  20  2:11  Probe (Chrono Boost)  
  20  2:12  Assimilator  
  21  2:16  Pylon  
  21  2:25  Probe (Chrono Boost)  
  22  2:38  Mothership Core (Chrono Boost)  
  22  2:39  Adept  
  22  2:43  Adept  
  28  2:51  Warp Gate (Chrono Boost)  
  28  3:00  Probe x2  
  30  3:07  Adept  
  30  3:10  Adept  
  34  3:13  Probe x2  
  36  3:23  Pylon  
  36  3:27  Probe  
  36  3:28  Probe  
  38  3:45  Probe  
  38  3:47  Probe  
  40  3:57  Twilight Council  
  40  3:59  Probe  
  40  4:01  Probe, Gateway  
  42  4:05  Gateway  
  42  4:21  Probe  
  42  4:22  Probe  
  44  4:31  Probe  
  44  4:32  Robotics Facility  
  44  4:36  Probe  
  44  4:37  Gateway  
  46  4:39  Pylon  
  46  4:42  Probe  
  47  4:46  Pylon  
  47  4:50  Blink (Chrono Boost)  
  47  4:51  Probe  
  48  4:57  Probe  
  48  4:58  Assimilator  
  49  5:00  Assimilator  
  49  5:08  Probe  
  49  5:11  Stalker x2  
  49  5:12  Probe  
  55  5:19  Warp Prism  
  55  5:21  Pylon  
  57  5:24  Probe  
  57  5:25  Probe  
  59  5:44  Stalker x2  
  59  5:45  Stalker x2  
  59  5:46  Stalker  
  69  5:57  Probe  
  69  5:58  Probe  
  71  6:10  Probe  
  72  6:13  Stalker x2  
  72  6:15  Stalker x3  
  82  6:28  Probe  
  82  6:29  Probe  
  84  6:35  Pylon, Forge  
  84  6:38  Gateway  
  84  6:42  Resonating Glaives (Chrono Boost)  
  84  6:47  Stalker  
  84  6:51  Pylon  
  84  6:53  Pylon, Probe  
  87  6:55  Probe  
  87  6:59  Warp Prism  
  88  7:12  Protoss Ground Weapons Level 1 (Chrono Boost)  
  88  7:20  Probe  
  89  7:29  Probe, Photon Cannon  
  90  7:34  Photon Cannon  
  90  7:35  Observer  
  90  7:36  Adept x5  
  101  7:50  Probe x2  
  103  7:56  Immortal  
  107  8:08  Stalker  
  109  8:15  Pylon  
  109  8:18  Probe  
  109  8:19  Nexus  
  110  8:20  Pylon  
  110  8:22  Assimilator  
  110  8:25  Pylon  
  110  8:27  Pylon  
  110  8:33  Probe  
  111  8:35  Nexus  
  111  8:37  Pylon  
  111  8:40  Pylon  
  111  8:43  Assimilator  
  111  8:48  Assimilator  
  111  8:52  Pylon  
  111  9:05  Stalker x6  
  123  9:14  Observer, Protoss Ground Weapons Level 2 (Chrono Boost)  
  124  9:22  Photon Cannon  
  115  10:01  Adept x4  
  115  10:02  Adept x2  
  121  10:07  Probe  
  121  10:08  Probe x2  
  120  10:36  Stargate  
  120  10:37  Stargate  
  120  10:38  Pylon  
  120  10:40  Adept x2  
  120  10:41  Adept x4  
  132  10:45  Observer  
  133  11:04  Photon Cannon  
  133  11:11  Adept x5  
  137  11:12  Adept  
  145  11:45  Adept x3  
  145  11:46  Adept  
  153  12:42  Stalker x4  
  142  12:53  Stalker  
  122  13:12  Void Ray x2  
  108  13:16  Immortal  
  120  13:29  Gateway  
  120  13:31  Stalker  
  120  13:32  Gateway, Stalker x4  
  128  13:35  Mothership Core  
  128  13:36  Assimilator  
  61  14:20  Gateway  
  61  14:25  Cybernetics Core  
  61  14:29  Gateway  
  61  14:30  Gateway  
  61  14:33  Gateway  
  59  15:09  Forge  
  59  15:11  Mothership Core  
  35  15:44  Stalker x2  
  39  15:53  Pylon, Protoss Ground Armor Level 1 (Chrono Boost)  
  39  15:54  Pylon  
  39  15:56  Pylon  
  37  16:02  Stalker  
  37  16:04  Stalker  
  39  16:27  Adept x2  
  39  16:32  Adept x2  
  47  16:48  Adept x2  
  51  17:22  Stalker x4  
  48  17:46  Photon Cannon  
  48  17:49  Photon Cannon  
  45  17:54  Photon Cannon  
  44  18:07  Stalker x4  
  17  18:34  Stalker  
  17  18:35  Stalker x2  
  17  18:36  Stalker  
  17  18:43  Photon Cannon  
  17  18:45  Photon Cannon  
  13  18:50  Pylon  
  13  18:51  Photon Cannon  
  13  18:53  Probe  
  7  19:08  Photon Cannon  
  7  19:13  Photon Cannon  
Tags
 
Add a new tag
Caveats
  • Supply blocks, unpowered buildings, or Contaminate may cause inaccurate times.
  • Supply counts are checked every 10 seconds.